 Dungeon Crawl Stone Soup version 0.29-a0-824-gd827844252 (webtiles) character file.

Game seed: 15380229496899940517

110 jimonade the Sneak (level 5, -5/29 HPs)
             Began as a Kobold Enchanter on July 11, 2022.
             Slain by a goblin
             ... wielding a +0 club
             ... led by Robin
              (6 damage)
             ... on level 2 of the Dungeon.
             The game lasted 00:05:11 (1879 turns).

jimonade the Sneak (Kobold Enchanter)               Turns: 1879, Time: 00:05:11

Health: -5/29      AC:  3    Str:  8    XL:     5   Next: 14%
Magic:  2/10       EV: 14    Int: 16    God:
Gold:   79         SH:  0    Dex: 15    Spells: 8/10 levels left

rFire   . . .      SeeInvis .   a - +1 dagger
rCold   . . .      Faith    .   (no shield)
rNeg    . . .      Spirit   .   o - +0 leather armour
rPois   .          Reflect  .   (no helmet)
rElec   .          Harm     .   (no cloak)
rCorr   .          Rampage  .   (no gloves)
Will    .....                   (no boots)
Stlth   +++.......              (no amulet)
HPRegen 0.09/turn               (no ring)
MPRegen 0.12/turn               (no ring)

@: invisible
A: small, no large weapons, nightstalker 3
a: no special abilities


You were on level 2 of the Dungeon.
You visited 1 branch of the dungeon, and saw 2 of its levels.

You collected 79 gold pieces.

Inventory:

Hand Weapons
 a - a +1 dagger (weapon)
 f - a +0 spear
 g - a +0 hand axe
 q - a +2 hand axe of freezing
Armour
 b - a +0 robe
 o - a +0 leather armour (worn)
Wands
 m - a wand of flame (16)
Scrolls
 h - 2 scrolls of identify {unknown}
 k - a scroll of vulnerability {unknown}
 n - a scroll of immolation {unknown}
 s - a scroll of teleportation {unknown}
Potions
 c - a potion of invisibility
 d - a potion of heal wounds {unknown}
 e - 2 potions of curing {unknown}
 i - 2 potions of brilliance {unknown}
 j - 2 potions of lignification {unknown}
 l - 2 potions of mutation {unknown}
 p - a potion of might {unknown}
 r - 2 potions of flight {unknown}


   Skills:
 * Level 1.6 Fighting
 + Level 1.9 Short Blades
 + Level 2.9 Dodging
 + Level 4.2 Stealth
 * Level 3.4 Spellcasting
 * Level 3.6 Hexes
 + Level 0.7 Ice Magic


You had 8 spell levels left.
You knew the following spells:

 Your Spells              Type           Power      Damage    Failure   Level
a - Ensorcelled Hibernat  Hex/Ice        18%        N/A       16%         2

Your spell library contained the following spells:

 Spells                   Type           Power      Damage    Failure   Level
 Confusing Touch          Hex            14%        N/A       17%         3
 Tukima's Dance           Hex            14%        N/A       17%         3
 Freeze                   Ice            20%        1d4       19%         1
 Dazzling Flash           Conj/Hex       16%        N/A       36%         3
 Frozen Ramparts          Ice            10%        1d3       50%         3
 Hailstorm                Conj/Ice       3%         3d3       92%         4


Dungeon Overview and Level Annotations

Branches:
Dungeon (2/15)

Altars:
Yredelemnul

Annotations:
D:2 Robin


Innate Abilities, Weirdness & Mutations

You are small and have problems with some larger weapons.
You are completely attuned to the shadows.


Message History

The hobgoblin shouts!
You miss the goblin.
The goblin is severely wounded.
The goblin hits you with a +0 club. The goblin hits you but does no damage.
The hobgoblin closely misses you. The goblin barely misses you.
You barely miss the goblin.
The goblin is severely wounded.
The goblin completely misses you. The hobgoblin closely misses you.
The goblin hits you with a +0 club.
* * * LOW HITPOINT WARNING * * *
The goblin hits you but does no damage.
A hobgoblin comes into view.
The goblin shouts!
You hit the goblin.
The goblin is almost dead.
The goblin closely misses you. x2; The hobgoblin misses you.
The goblin hits you but does no damage.
Robin laughs in a distinctly smug fashion.
Robin drinks a potion.
Robin suddenly seems more resistant.
You fade into invisibility!
The goblin unwields a +0 dagger.
The goblin wields a +0 sling.
The goblin shoots a sling bullet.
The sling bullet hits the hobgoblin.
The goblin hits you but does no damage. The hobgoblin misses you.
The goblin misses you. The goblin hits you but does no damage.
Robin roars a battlecry!
The goblins go into a battle-frenzy!
Unknown command.
You hit the goblin.
You kill the goblin!
The goblin misses you. The hobgoblin barely misses you.
The goblin barely misses you.
The goblin shoots a sling bullet.
The sling bullet closely misses the rat.
The sling bullet hits the hobgoblin.
You completely miss the goblin. The goblin hits you with a +0 club.
* * * LOW HITPOINT WARNING * * *
The hobgoblin closely misses you. The goblin misses you. x2
You hit the goblin.
The goblin is severely wounded.
The goblin hits you with a +0 club.
You die...

######## #......###
#.......<#
#.gggg.#### #.
#@#.....##
#.###g#......# #
.....gg.._...# .
.....rr......# #..
##....gg.....# #..
#...........# #..
#...........# .##..
#.g.........####..#..
#.................#..


You could see Robin (resistant, unable to see you), 4 hobgoblins, 4 goblins and
2 rats.

Vanquished Creatures
  Jessica (D:2)
  Terence (D:2)
  2 adders (D:2)
  A dart slug (D:2)
  3 bats
  3 endoplasms
  2 giant cockroaches (D:1)
  6 goblins
  3 hobgoblins
  2 jackals (D:1)
  3 quokkas
  3 ball pythons
  A frilled lizard (D:1)
  4 kobolds
  2 rats (D:1)
37 creatures vanquished.

Notes
Turn   | Place    | Note
-------+----------+-------------------------------------------
     0 | D:1      | jimonade the Kobold Enchanter began the quest for the Orb.
     0 | D:1      | Reached XP level 1. HP: 10/10 MP: 3/3
   119 | D:1      | Reached XP level 2. HP: 14/16 MP: 5/5
   122 | D:1      | Learned a level 2 spell: Ensorcelled Hibernation
   420 | D:1      | Found a faded altar of an unknown god.
   622 | D:1      | Reached XP level 3. HP: 20/20 MP: 4/7
  1132 | D:2      | Reached skill level 1 in Fighting
  1421 | D:2      | Noticed Jessica
  1425 | D:2      | Killed Jessica
  1426 | D:2      | Reached XP level 4. HP: 25/25 MP: 8/8
  1580 | D:2      | Noticed Terence
  1589 | D:2      | Killed Terence
  1689 | D:2      | Reached XP level 5. HP: 29/29 MP: 6/10
  1836 | D:2      | Found a basalt altar of Yredelemnul.
  1863 | D:2      | Noticed Robin
  1878 | D:2      | HP: 1/29 [goblin/+0 club[Robin] (4)]
  1879 | D:2      | Slain by a goblin

Illustrated notes

Levels and vault maps discovered:
D:1:      minmay_arrival_stair_chambers, layout_loops_ring,
          hellmonk_ecumenical_altar_slurped_away
D:2:      layout_basic, basic_altar, kennysheep_jessica_study, uniq_terence,
          uniq_robin, uniq_crazy_yiuf_cottage

Skill      XL: |  1  2  3 |
---------------+----------+-----
Fighting       | 1 |  1.6
Spellcasting   | 3 |  3.4
Short Blades   | |  1.9
Dodging        | |  2.9
Stealth        | |  4.2
Hexes          | |  3.6
Ice Magic      | |  0.7

Action                   |  1- 3 |  4- 6 || total
-------------------------+-------+-------++-------
Melee: Dagger            |    52 |    30 ||    82
 Cast: Ensorcelled Hiber |    12 |    13 ||    25
  Use: Potion            |       |     1 ||     1
 Stab: Sleeping          |    22 |     9 ||    31
       Distracted        |       |     1 ||     1
Armor: Robe              |    10 |       ||    10
       Leather armour    |       |    16 ||    16
Dodge: Dodged            |    33 |    44 ||    77

Table legend: (Time is in decaauts)
 A = Elapsed time spent in this place.
 B = Non-inter-level travel time spent in this place.
 C = Inter-level travel time spent in this place.
 D = Time resting spent in this place.
 E = Time spent auto-exploring this place.
 F = Levels seen in this place.
 G = Mean time per level.
                   A        B        C        D        E       F      G
               +--------+--------+--------+--------+--------+-----+--------+
         Total |   1872 |   1847 |     25 |    370 |   1150 |   2 |  936.0 |
       Dungeon |   1872 |   1847 |     25 |    370 |   1150 |   2 |  936.0 |
               +--------+--------+--------+--------+--------+-----+--------+

Top non-repeatable levels by time:
     D:1: 1069 daAuts
     D:2: 803 daAuts
